 Dungeon Crawl Stone Soup version 0.17-a0-1634-g6672d08 (webtiles) character file.

8077 maddy the Whirler (level 11, 64/64 HPs)
             Began as a Halfling Hunter on July 27, 2015.
             Was a Priest of Okawaru.
             Quit the game on level 9 of the Dungeon on Aug 4, 2015.
             The game lasted 01:58:41 (17749 turns).

maddy the Whirler (Halfling Hunter)                Turns: 17749, Time: 01:58:41

Health: 64/64      AC:  6    Str: 15    XL:     11   Next: 49%
Magic:  11/11      EV: 23    Int: 10    God:    Okawaru [***...]
Gold:   705        SH:  0    Dex: 22    Spells: 0 memorised, 10 levels left

rFire  . . .     SeeInvis .     b - +10 whip of the Tooth {pain, MR+ Dex+3}
rCold  + . .     Clarity  .     N - +0 leather armour {rC+}
rNeg   . . .     SustAt   +     (shield restricted)
rPois  .         Gourm    .     J - +0 helmet
rElec  .         Spirit   .     (no cloak)
rCorr  .         Warding  .     m - +1 pair of gloves
rMut   .         Stasis   .     (no boots)
MR     +....                    i - amulet of Aloisei {Faith Str+3 Slay+3}
Stlth  ++++......               l - ring of sustain attributes
                                g - +2 ring of slaying

@: somewhat resistant to hostile enchantments, stealthy
A: mutation resistance 1
a: Heroism, Renounce Religion


You were on level 9 of the Dungeon.
You worshipped Okawaru.
Okawaru was most pleased with you.
You were not hungry.

You visited 3 branches of the dungeon, and saw 12 of its levels.

You collected 705 gold pieces.

Inventory:

Hand weapons
 a - a +2 hunting sling
 b - the +10 whip of the Tooth (weapon) {pain, MR+ Dex+3}
   (You found it on level 5 of the Dungeon)

   In the hands of one skilled in necromantic magic, it inflicts extra damage on
   living creatures.
   It affects your dexterity (+3).
   It affects your resistance to hostile enchantments.
 t - a +2 whip of freezing
Missiles
 c - 77 sling bullets
 q - 3 tomahawks (quivered)
 v - 8 sling bullets of flame
 K - 23 stones
Armour
 m - a +1 pair of gloves (worn)
 J - a +0 helmet (worn)
 N - a +0 leather armour of cold resistance (worn)
Jewellery
 e - an uncursed amulet of clarity
 g - a +2 ring of slaying (left hand)
 i - the amulet of Aloisei (around neck) {Faith Str+3 Slay+3}
   (You found it on level 9 of the Dungeon)

   [amulet of faith]

   It allows you to gain divine favour quickly.
   It affects your strength (+3).
   It affects your accuracy and damage with ranged weapons and melee attacks
   (+3).
 l - a ring of sustain attributes (right hand)
 A - an uncursed ring of wizardry
 E - the ring "Kanyalu" {rC+ Stlth-}
   (You found it on level 10 of the Dungeon)

   [ring of loudness]

   It protects you from cold.
   It makes you less stealthy.
 L - an uncursed ring of fire
Magical devices
 C - a wand of paralysis (14)
 I - a wand of cold (7)
 O - a wand of polymorph (13)
Scrolls
 j - a scroll of blinking
 k - a scroll of enchant weapon
 r - a scroll of enchant armour
 u - a scroll of recharging
 x - 5 scrolls of identify
 y - 5 scrolls of remove curse
 z - 2 scrolls of teleportation
 M - a scroll of magic mapping
Potions
 f - 2 potions of might
 n - a potion of agility
 o - 7 potions of curing
 G - a potion of magic
Books
 d - a book of Unlife

   Spells                             Type                      Level
   a - Recall                         Summoning/Translocation      3
   b - Animate Dead                   Necromancy                   4
   c - Control Undead                 Necromancy                   4
   d - Cigotuvi's Embrace             Necromancy                   5
   e - Death Channel                  Necromancy                   6
   f - Simulacrum                     Ice/Necromancy               6
 B - a book of Enchantments

   Spells                             Type                      Level
   a - Cause Fear                     Hexes                        4
   b - Silence                        Hexes/Air                    5
   c - Deflect Missiles               Charms/Air                   6
   d - Haste                          Charms                       6
   e - Discord                        Hexes                        8
Miscellaneous
 D - a plain deck of wonders
 F - a legendary deck of defence
Comestibles
 h - 5 beef jerkies
 p - 4 royal jellies
 w - 4 meat rations
 H - 2 bread rations


   Skills:
 - Level 1.7 Fighting
   Level 5.1 Short Blades
 - Level 5.3 Maces & Flails
 * Level 16.2 Slings
 + Level 9.2 Dodging
 - Level 7.1 Stealth


You had 10 spell levels left.
You didn't know any spells.

Dungeon Overview and Level Annotations

Branches:
Dungeon (10/15)            Temple (1/1) D:7            Lair (0/8) D:10
    Orc (1/4) D:9

Altars:
Ashenzari
Cheibriados
Dithmenos
Elyvilon
Fedhas
Gozag
Kikubaaqudgha
Makhleb
Nemelex Xobeh
Okawaru
Qazlal
Ru
Sif Muna
Trog
Vehumet
Xom
Yredelemnul
Zin
The Shining One
Beogh

Shops:
D:4 (

Annotations:
D:8 exclusion: downstairs


Innate Abilities, Weirdness & Mutations

You are small and have problems with some larger weapons.
You are somewhat resistant to further mutation.


Message History

You start resting.
All of the chunks of flesh in your inventory have rotted away.
There is a stone staircase leading down here.
You see here a hound skeleton.
There isn't anything to butcher here.
You see here an arrow.
You see here a hound skeleton.
There is a stone staircase leading down here.
Things that are here:
an uncursed shortbow; 12 arrows There isn't anything to butcher here.
You start resting.
You start resting.
HP restored.
Partly explored, can't reach some items.
Partly explored, can't reach some items.
Drink which item? (? for menu, Esc to quit)
Okay, then.
Quiver which item? (- for none, * to show all) (? for menu, Esc to quit)
Okay, then.
Are you sure you want to abandon this character and quit the game? (Confirm with "yes".)

#..### ##......## #..# #.....#8
..## ##...#...# #..# ########
..# #...##...# ##.## #......
#.## ##..###...# #..# ##.....
#..# ##..## ##..## #..###..###.
#..####..## #...# #..##.......
##..##....## ##..## #...........
#.........#####...###.......####
#.............#@......##...##
##...(..รท>..).........###...#
.....###.........##..## ##..#
......####.....#####..# #..#
##.......##...## #..## #..##
#............# ##..# #...#
#..####.....## #..###...# ###.#
####..### #........#### ....##
##....#### #...>........


There were no monsters in sight!

Vanquished Creatures
  Erica (D:8)
  The ghost of Chiseanne the Contemplative, an experienced DsWn of Cheibriados (D:9)
  The ghost of Chiseanne the Covered, an experienced DsWn (D:6)
  Joseph (D:8)
  The ghost of xiwix the Skirmisher, an average DsFi (D:4)
  A trapdoor spider zombie (D:9)
  A spriggan (D:7)
  A hippogriff (D:8)
  A wyvern (D:7)
  A water moccasin (D:7)
  A hungry ghost (D:8)
  Menkaure (D:7)
  A steam dragon (D:10)
  The ghost of Tyryt0 the Cudgeler, an average GrGl (D:3)
  3 sky beasts
  3 phantoms (D:7)
  3 orc warriors
  A black bear (D:6)
  An ice beast (D:7)
  4 ogres
  8 centaurs
  A big kobold (D:7)
  5 giant frogs
  A water moccasin zombie (D:5)
  2 scorpions (D:5)
  12 killer bees
  6 orc wizards
  5 orc priests
  4 jellies
  Ijyb (D:2)
  2 crimson imps
  2 gnoll shamans
  4 iguanas
  A giant frog skeleton (D:8)
  4 hounds
  13 worker ants
  A centaur skeleton (D:8)
  2 hound zombies (D:5)
  12 gnolls
  11 adders
  A shadow imp (D:6)
  2 oozes
  2 adder skeletons (D:5)
  5 worms
  2 giant geckos
  40 orcs
  18 bats
  A bat skeleton (D:5)
  A giant cockroach (D:1)
  20 hobgoblins
  4 jackals (D:4)
  18 kobolds
  4 quokkas
  2 ball pythons
  A giant gecko skeleton (D:4)
  2 giant gecko zombies (D:7)
  8 giant newts
  11 goblins
  3 quokka skeletons
  17 rats
  A plant (D:7)
289 creatures vanquished.

Vanquished Creatures (others)
  A killer bee (D:8)
1 creature vanquished.

Grand Total: 290 creatures vanquished

Notes
Turn   | Place    | Note
--------------------------------------------------------------
     0 | D:1      | maddy the Halfling Hunter began the quest for the Orb.
     0 | D:1      | Reached XP level 1. HP: 14/14 MP: 1/1
   279 | D:1      | Reached skill level 1 in Short Blades
   305 | D:1      | Reached XP level 2. HP: 19/19 MP: 2/2
   811 | D:1      | Reached XP level 3. HP: 17/24 MP: 3/3
  1238 | D:3      | Found a faded altar to an unknown god.
  1876 | D:2      | Reached XP level 4. HP: 27/29 MP: 4/4
  1896 | D:2      | Noticed Ijyb
  1949 | D:2      | HP: 1/29 [Ijyb (1)]
  1953 | D:2      | Killed Ijyb
  2427 | D:2      | Found a sparkling altar of Nemelex Xobeh.
  2586 | D:3      | Noticed Tyryt0's ghost (average GrGl)
  2740 | D:3      | Found a stormy altar of Qazlal.
  3012 | D:3      | Reached skill level 6 in Slings
  3012 | D:3      | Reached XP level 5. HP: 31/34 MP: 5/5
  5044 | D:4      | Found Zex Ukoo's Antique Weapon Shop.
  5054 | D:4      | Reached skill level 7 in Slings
  5103 | D:4      | Found a burning altar of Makhleb.
  5108 | D:4      | Found a glowing silver altar of Zin.
  5109 | D:4      | Noticed an Executioner
  5109 | D:4      | Noticed an angel
  5159 | D:4      | Found a blossoming altar of Fedhas.
  5163 | D:4      | Reached XP level 6. HP: 39/39 MP: 6/6
  5500 | D:5      | Entered Level 5 of the Dungeon
  5710 | D:4      | Noticed xiwix's ghost (average DsFi)
  6243 | D:5      | Reached skill level 5 in Short Blades
  6243 | D:5      | Reached skill level 8 in Slings
  6243 | D:5      | Reached XP level 7. HP: 29/44 MP: 7/7
  7151 | D:5      | Reached skill level 5 in Dodging
  7191 | D:5      | Reached skill level 9 in Slings
  7334 | D:5      | Got a sapphire whip
  7338 | D:5      | Identified the +10 whip of the Tooth {pain, MR+ Dex+3} (You found it on level 5 of the Dungeon)
  7450 | D:5      | Reached XP level 8. HP: 44/49 MP: 8/8
  7736 | D:5      | Reached skill level 1 in Maces & Flails
  7768 | D:6      | Noticed Chiseanne's ghost (experienced DsWn)
  7967 | D:6      | Reached skill level 10 in Slings
  8219 | D:6      | Reached skill level 5 in Stealth
  8219 | D:6      | Reached XP level 9. HP: 41/54 MP: 9/9
  8330 | D:6      | Found an ancient bone altar of Kikubaaqudgha.
  8463 | D:6      | Killed Chiseanne's ghost
  9085 | D:4      | Killed xiwix's ghost
  9085 | D:4      | Reached skill level 5 in Maces & Flails
  9085 | D:4      | Reached skill level 11 in Slings
  9453 | D:3      | Killed Tyryt0's ghost
 10364 | D:7      | Noticed Menkaure
 10369 | D:7      | Killed Menkaure
 10669 | D:7      | Reached skill level 12 in Slings
 10700 | D:7      | Reached XP level 10. HP: 57/60 MP: 10/10
 11052 | D:7      | Found a staircase to the Ecumenical Temple.
 11082 | D:7      | Reached skill level 13 in Slings
 11100 | Temple   | Entered the Ecumenical Temple
 11151 | Temple   | Became a worshipper of Warmaster Okawaru
 12069 | D:8      | Noticed Joseph
 12254 | D:7      | Reached skill level 14 in Slings
 12285 | D:6      | Acquired Okawaru's first power
 12461 | D:6      | Upgraded the game from 0.17-a0-1582-ge6b0260 to 0.17-a0-1591-g7a45446
 13021 | D:8      | Noticed Erica
 14043 | D:8      | Killed Erica
 14043 | D:8      | Reached XP level 11. HP: 64/64 MP: 11/11
 14504 | D:8      | Killed Joseph
 14741 | D:9      | Got a translucent graven amulet
 14745 | D:9      | Identified the amulet of Aloisei {Faith Str+3 Slay+3} (You found it on level 9 of the Dungeon)
 14792 | D:9      | Found a sparkling altar of Nemelex Xobeh.
 14866 | D:9      | Found a staircase to the Orcish Mines.
 14877 | D:9      | Found a roughly hewn altar of Beogh.
 14919 | D:9      | Reached skill level 15 in Slings
 14951 | Orc:1    | Entered Level 1 of the Orcish Mines
 15392 | D:9      | Noticed Chiseanne's ghost (experienced DsWn)
 15736 | D:8      | Upgraded the game from 0.17-a0-1591-g7a45446 to 0.17-a0-1614-g2062e81
 16206 | D:10     | Entered Level 10 of the Dungeon
 16308 | D:9      | Found a deep blue altar of Sif Muna.
 16442 | D:9      | Killed Chiseanne's ghost
 16590 | D:10     | Found a staircase to the Lair.
 16619 | D:10     | Got a pitted turquoise ring
 16624 | D:10     | Identified the ring "Kanyalu" {rC+ Stlth-} (You found it on level 10 of the Dungeon)
 17109 | D:9      | Upgraded the game from 0.17-a0-1614-g2062e81 to 0.17-a0-1634-g6672d08
 17140 | D:10     | Reached skill level 16 in Slings
 17749 | D:9      | Quit the game

Vault maps used:
D:1:      scummos_arrival_gate
D:2:      roderic_hopi_sauvastika, minmay_misc_feat_rows,
          nemelex_diamond_rough_becter, uniq_iyjb
D:3:      nicolae_overflow_crystal_walls, ecumenical_altar_1
D:4:      grunt_temple_overflow_order_and_chaos_2, fedhas_altar_2, serial_shops,
          nicolae_shop_window_shopping
D:5:      first_bread
D:6:      kennysheep_mini_moat
D:7:      minmay_temple_entry_overgrown, st_stairs_13, the_bakery,
          minmay_crystal_room, uniq_menkaure
D:8:      uniq_erica, uniq_joseph
D:9:      nemelex_deck, led_sif_book, minmay_orc_entry_temple_small
D:10:     lair_0_dummy, nicolae_evil_shop
Temple:   zaba_magenta_temple_12
Orc:1:    serial_shops, nicolae_shop_stone, uniq_maurice, uniq_urug

Action                   |  1- 3 |  4- 6 |  7- 9 | 10-12 || total
-------------------------+-------+-------+-------+-------++-------
Melee: Short sword       |    32 |   240 |    49 |     1 ||   322
       Hand axe          |   107 |    76 |       |       ||   183
       War axe           |       |       |    36 |       ||    36
       Whip              |       |       |   186 |   239 ||   425
 Fire: Hunting sling     |       |    27 |    43 |   285 ||   355
Throw: Tomahawk          |       |     3 |       |     3 ||     6
Evoke: Wand              |       |       |       |     3 ||     3
  Use: Scroll            |       |     8 |       |    15 ||    23
       Potion            |       |       |       |     4 ||     4
 Stab: Sleeping          |     3 |       |     7 |     4 ||    14
       Distracted        |     2 |       |       |     3 ||     5
  Eat: Chunk             |     3 |     5 |    10 |     6 ||    24
       Bread ration      |       |     2 |     1 |     4 ||     7
